 Dungeon Crawl Stone Soup version 0.18.1-5-g4a78601 (webtiles) character file.

177 mopl the Poker (level 5, -14/41 HPs)
             Began as a Human Chaos Knight on May 14, 2016.
             Demolished by an ogre
             ... wielding a +0 giant club
              (15 damage)
             ... on level 4 of the Dungeon.
             The game lasted 00:04:21 (2629 turns).

mopl the Poker (Human Chaos Knight)                 Turns: 2629, Time: 00:04:23

Health: -14/41     AC:  5    Str: 12    XL:     5   Next: 88%
Magic:  5/5        EV: 11    Int: 13    God:    Xom [..*...]
Gold:   225        SH:  0    Dex: 13    Spells: 0 memorised, 4 levels left

rFire  . . .     SeeInvis .     a - +0 spear (chaos)
rCold  . . .     Gourm    .     b - +2 leather armour
rNeg   . . .     Faith    .     (no shield)
rPois  .         Spirit   .     (no helmet)
rElec  .         Dismiss  .     (no cloak)
rCorr  +         Reflect  .     (no gloves)
SustAt .         Harm     .     (no boots)
MR     .....     Rnd*Tele +     (no amulet)
Stlth  +.........               s - ring of teleportation (curse)
                                d - ring of resist corrosion

@: exhausted, slowed, very slow, not resistant to hostile enchantments, very
unstealthy
A: no striking features
a: Renounce Religion


You were on level 4 of the Dungeon.
You worshipped Xom.
You were a toy of Xom.
You were not hungry.

You visited 1 branch of the dungeon, and saw 4 of its levels.

You collected 225 gold pieces.

Inventory:

Hand Weapons
 a - a +0 spear of chaos (weapon)
Missiles
 e - 7 tomahawks (quivered)
Armour
 b - a +2 leather armour (worn)
Jewellery
 d - a ring of resist corrosion (left hand)
 s - a cursed ring of teleportation (right hand)
 v - an uncursed amulet of dismissal {unknown}
Scrolls
 g - a scroll of fear {unknown}
 h - a scroll of enchant armour {unknown}
 i - a scroll of magic mapping {unknown}
 k - 3 scrolls of identify
 m - 2 scrolls of blinking {unknown}
 n - 2 scrolls of teleportation {unknown}
 t - a scroll of fog {unknown}
 u - a scroll of random uselessness {unknown}
Potions
 f - 2 potions of mutation {!q}
 j - a potion of curing {unknown}
 l - 2 potions of agility {unknown}
 o - 3 potions of lignification {unknown}
 p - a potion of degeneration {unknown}
Comestibles
 c - 5 bread rations
 q - 2 meat rations


   Skills:
 - Level 3.0 Fighting
 * Level 6.1 Polearms
 - Level 2.0 Armour
 - Level 1.0 Dodging


You had 4 spell levels left.
You didn't know any spells.

Dungeon Overview and Level Annotations

Branches:
Dungeon (4/15)
 Temple: D:4-7

Altars:
Makhleb
Sif Muna


Message History

You are exhausted.
You feel yourself slow down.
You are feeling hungry.
You feel sick.
Eat a chunk of flesh? (ye/n/q/i?) This raw flesh tastes terrible.
You continue eating.
You feel sick.
You continue eating.
Wear which item? (? for menu, Esc to quit)
Okay, then.
You closely miss something. Something hits you!
* * * LOW HITPOINT WARNING * * *
You closely miss something.
* * * LOW HITPOINT WARNING * * *
You feel sick.
You are no longer poisoned.
Something hits you!
You die...
Xom titters!

###### #.#...#
#.....# #.....#
#.....# #.....###
#........
#.#.....#.#####
#.....@.[.....
...###.###...##
#.# #...#
#.###.###...###.#
#.....[..$......#
#...............#
#................
#.....###...###..
.......# #...# .


There were no monsters in sight!

Vanquished Creatures
  A crimson imp (D:3)
  A worker ant (D:4)
  5 adders
  An adder skeleton (D:4)
  A worm (D:3)
  A dart slug (shapeshifter) (D:1)
  A dart slug (D:3)
  A giant gecko (D:4)
  5 orcs
  5 giant cockroaches
  6 hobgoblins
  3 jackals (D:2)
  A quokka (D:3)
  9 bats
  3 giant newts (D:3)
  8 goblins
  4 kobolds
  5 rats
61 creatures vanquished.

Notes
Turn   | Place    | Note
--------------------------------------------------------------
     0 | D:1      | mopl the Human Chaos Knight began the quest for the Orb.
     0 | D:1      | Reached XP level 1. HP: 18/18 MP: 1/1
   153 | D:1      | Reached XP level 2. HP: 24/24 MP: 2/2
   499 | D:1      | XOM: divination: detect creatures
   608 | D:1      | Reached skill level 4 in Polearms
   608 | D:1      | Reached XP level 3. HP: 29/29 MP: 3/3
   880 | D:2      | XOM: harmless Summ miscast
  1022 | D:2      | XOM: divination: detect items
  1105 | D:2      | XOM: silly message
  1229 | D:2      | Found a deep blue altar of Sif Muna.
  1265 | D:3      | XOM: mild Erth miscast
  1365 | D:3      | Found a faded altar to an unknown god.
  1466 | D:3      | Reached XP level 4. HP: 35/35 MP: 4/4
  1582 | D:3      | XOM: harmless Trmt miscast
  1596 | D:3      | XOM: harmless Conj miscast
  1599 | D:3      | Reached skill level 5 in Polearms
  1599 | D:3      | Reached XP level 5. HP: 37/41 MP: 5/5
  1681 | D:3      | HP: 2/41 [worm (15)]
  2077 | D:3      | XOM: harmless Divn miscast
  2207 | D:3      | XOM: silly message
  2247 | D:3      | XOM: harmless Necr miscast
  2270 | D:3      | XOM: divination: detect items
  2376 | D:3      | XOM: harmless Pois miscast
  2487 | D:3      | XOM: harmless Fire miscast
  2517 | D:4      | Found a burning altar of Makhleb.
  2595 | D:4      | XOM: potion effect (berserk rage)
  2600 | D:4      | Reached skill level 6 in Polearms
  2604 | D:4      | Noticed an ogre
  2628 | D:4      | HP: 2/41 [something (16)]
  2629 | D:4      | Demolished by an ogre

Skill      XL: |  1  2  3  4  5 |
---------------+----------------+-----
Polearms       | 4 5 6 |  6.1
Fighting       | |  3.0
Armour         | |  2.0
Dodging        | |  1.0

Action                   |  1- 3 |  4- 6 || total
-------------------------+-------+-------++-------
Melee: Spear             |   115 |   142 ||   257
  Use: Scroll            |     1 |       ||     1
 Stab: Petrified         |     1 |       ||     1
       Sleeping          |     1 |     1 ||     2
       Petrifying        |       |     1 ||     1
  Eat: Chunk             |     2 |     3 ||     5
       Pizza             |       |     1 ||     1
Armor: Leather armour    |    23 |    23 ||    46
Dodge: Dodged            |    39 |    61 ||   100
